Washington Capitals vs Tampa Bay Lightning
Created - Saturday, April 13, 2024 at 08:21
Goals
|
| Washington Capitals |
1 |
1 |
0 |
2 |
| Tampa Bay Lightning |
2 |
0 |
2 |
4 |
|
Shots
|
| Washington Capitals |
5 |
16 |
14 |
35 |
| Tampa Bay Lightning |
23 |
4 |
8 |
35 |
|
1st period
1. Tampa Bay Lightning , Trevor Moore 2 (Dylan Cozens 10, Ryan Graves 4) at 3:08
2. Washington Capitals , Brad Marchand 9 (Nico Hischier 25) at 9:21
3. Tampa Bay Lightning , Roope Hintz 11 (Kirill Kaprizov 18, Logan Couture 17) at 19:27
Penalties :
Ian Cole (WSH) for Hooking (Minor) at 0:36, Dylan DeMelo (WSH) for Hooking (Minor) at 4:47
2nd period
4. Washington Capitals , Isac Lundestrom 2 (Nick Foligno 4, Jordan Kyrou 6) at 19:33
Penalties :
Kirill Kaprizov (TBL) for Cross-checking (Minor) at 6:16, Nick Foligno (WSH) for Hooking (Minor) at 16:23
3rd period
5. Tampa Bay Lightning , Gustav Nyquist 10 (Dylan Cozens 11, Trevor Moore 9) at 2:12
6. Tampa Bay Lightning , Hampus Lindholm 2 (Johnny Gaudreau 32, Travis Konecny 27) at 12:42 (PP)
Penalties :
Kirill Kaprizov (TBL) for Interference (Minor) at 7:26, David Savard (WSH) for Kneeing (Minor) at 11:55, Hampus Lindholm (TBL) for Tripping (Minor) at 16:13
Goalie Stats
Jake Oettinger (WSH), 31 saves from 35 shots - (0.886), L, 18-18-3, 60:00 minutes
Filip Gustavsson (TBL), 33 saves from 35 shots - (0.943), W, 24-10-2, 60:00 minutes
Players Stats for Washington Capitals
Player Name G A P +/- PIM S H SB GA TA FO MP PP MP PK MP
------------------------------------------------------------------------------------
Alex Ovechkin 0 0 0 0 0 1 2 0 0 0 0/2 20:10 4:01 0:00
Brad Marchand 1 0 1 -1 0 2 2 0 1 1 1/1 17:58 0:00 3:50
Brayden Point 0 0 0 0 0 3 2 0 0 0 16/25 20:10 4:01 0:00
David Savard 0 0 0 -1 2 2 0 0 0 1 0/0 22:52 3:24 3:22
Dominik Kubalik 0 0 0 -1 0 2 0 1 0 0 1/1 11:12 0:00 1:19
Drake Batherson 0 0 0 -1 0 2 0 0 1 0 0/0 11:43 1:56 0:00
Dylan DeMelo 0 0 0 0 2 1 1 0 0 0 0/0 14:14 0:00 0:00
Erik Johnson 0 0 0 0 0 1 0 0 0 1 0/0 20:59 2:33 4:00
Ian Cole 0 0 0 0 2 2 1 1 0 0 0/0 20:15 0:00 2:55
Isac Lundestrom 1 0 1 1 0 3 0 0 0 0 1/5 9:10 0:00 2:17
Jason Robertson 0 0 0 0 0 7 0 0 0 0 0/3 20:10 4:01 0:00
John Carlson 0 0 0 -1 0 0 1 1 0 0 0/0 19:36 3:24 0:36
Jordan Kyrou 0 1 1 1 0 1 0 0 0 0 0/0 6:49 0:00 0:00
Michael Mcleod 0 0 0 -1 0 2 3 0 0 0 6/14 13:53 0:00 4:00
Nick Foligno 0 1 1 1 2 1 0 0 0 0 0/0 9:01 0:00 1:47
Nick Jensen 0 0 0 0 0 1 1 1 1 0 0/0 22:05 2:33 2:35
Nico Hischier 0 1 1 -1 0 2 1 1 0 0 10/17 16:35 1:56 0:15
Owen Tippett 0 0 0 -1 0 2 0 0 0 0 0/0 16:20 1:56 0:00
Players Stats for Tampa Bay Lightning
Player Name G A P +/- PIM S H SB GA TA FO MP PP MP PK MP
------------------------------------------------------------------------------------
Anze Kopitar 0 0 0 0 0 4 2 0 0 0 13/20 19:49 3:41 0:01
Blake Lizotte 0 0 0 0 0 0 0 0 0 0 0/0 0:00 0:00 0:00
Darnell Nurse 0 0 0 0 0 0 0 1 0 0 0/0 27:00 3:22 2:50
Dylan Cozens 0 2 2 0 0 4 1 0 0 0 2/5 19:58 0:00 2:48
Gustav Nyquist 1 0 1 2 0 1 1 0 0 0 0/0 9:23 0:00 3:08
Hampus Lindholm 1 0 1 1 2 2 2 2 0 0 0/0 23:39 3:22 0:00
Johnny Gaudreau 0 1 1 0 0 3 1 0 0 0 1/2 18:28 3:41 0:00
Kirill Kaprizov 0 1 1 1 4 4 0 0 1 0 0/2 18:09 3:03 0:00
Logan Couture 0 1 1 1 0 1 1 1 0 0 10/17 20:15 3:03 3:08
Moritz Seider 0 0 0 0 0 1 1 1 1 0 0/0 20:27 3:22 3:07
Roope Hintz 1 0 1 1 0 8 0 0 1 1 1/1 16:52 3:03 0:00
Ryan Graves 0 1 1 1 0 0 0 3 0 0 0/0 18:45 3:22 3:07
TJ Brodie 0 0 0 0 0 0 1 2 0 1 0/0 12:14 0:00 0:00
Tomas Hertl 0 0 0 -2 0 0 0 1 0 0 6/16 11:56 0:00 0:00
Travis Konecny 0 1 1 0 0 3 1 0 0 0 0/3 18:59 3:41 0:01
Trevor Moore 1 1 2 2 0 2 0 0 0 0 0/1 8:16 0:00 2:48
Tyler Toffoli 0 0 0 -2 0 2 1 1 0 0 0/1 11:56 0:00 0:00
Vladislav Gavrikov 0 0 0 0 0 0 0 0 0 1 0/0 17:54 0:00 2:50
3 Stars
1 - Trevor Moore (TBL)
2 - Gustav Nyquist (TBL)
3 - Filip Gustavsson (TBL)
Power Play
Washington Capitals - 0 on 3 Attempt(s) - 0.00%
Tampa Bay Lightning - 1 on 4 Attempt(s) - 25.00%
Penalty Kill
Washington Capitals - 3 on 4 Attempt(s) - 75.00%
- Score 0 goal in Penalty Kill
Tampa Bay Lightning - 3 on 3 Attempt(s) - 100.00%
- Score 0 goal in Penalty Kill
Team Stat
Washington Capitals - Hits : 14 - Faceoff Wins : 35 - Blocked Shots : 5 - Penalty Minutes : 8
Tampa Bay Lightning - Hits : 12 - Faceoff Wins : 33 - Blocked Shots : 12 - Penalty Minutes : 6
Official
Referees : Steve Kozari and Francois StLaurent
Linesman : Derek Amell and Brian Mach
Game Notes
No Game Note
Finance
Level 1 -- Attendance: 5614 (93.57%) -- Ticket Income $533,330
Level 2 -- Attendance: 4989 (99.78%) -- Ticket Income $274,395
Level 3 -- Attendance: 2854 (95.13%) -- Ticket Income $91,328
Level 4 -- Attendance: 4817 (96.34%) -- Ticket Income $105,974
Luxury Box -- Attendance: 876 (87.60%) -- Ticket Income $169,068
Game was played at the Tampa Bay Times Forum.
Total Attendance: 19150 (95.75%)
Total Ticket Income: $1,174,095
Other Income: $410,933
Total Income: $1,585,028
Washington Capitals
5 vs 5 Forward
Center Left Wing Right Wing Time % Phy DF OF
1 Brayden Point Alex Ovechkin Jason Robertson 40 1 1 3
2 Nico Hischier Brad Marchand Owen Tippett 30 1 1 3
3 Michael Mcleod Dominik Kubalik Drake Batherson 20 1 1 3
4 Isac Lundestrom Nick Foligno Jordan Kyrou 10 1 1 3
5 vs 5 Defense
Defense Defense Time % Phy DF OF
1 John Carlson David Savard 35 2 3 0
2 Nick Jensen Ian Cole 35 2 3 0
3 Dylan DeMelo Erik Johnson 30 2 3 0
4 John Carlson David Savard 0 2 3 0
PowerPlay Forward
Center Left Wing Right Wing Time % Phy DF OF
1 Brayden Point Alex Ovechkin Jason Robertson 60 1 2 2
2 Nico Hischier Owen Tippett Drake Batherson 40 1 2 2
PowerPlay Defense
Defense Defense Time % Phy DF OF
1 David Savard John Carlson 60 1 2 2
2 Erik Johnson Nick Jensen 40 1 2 2
Penalty Kill 4 Players Forward
Center Wing Time % Phy DF OF
1 Michael Mcleod Brad Marchand 60 1 2 2
2 Isac Lundestrom Nick Foligno 40 1 2 2
Penalty Kill 4 Players Defense
Defense Defense Time % Phy DF OF
1 David Savard Ian Cole 60 1 2 2
2 Erik Johnson Nick Jensen 40 1 2 2
Penalty Kill - 3 Players Forward
Forward Time % Phy DF OF
1 Michael Mcleod 60 1 2 2
2 Isac Lundestrom 40 1 2 2
Penalty Kill - 3 Players Defense
Defense Defense Time % Phy DF OF
1 David Savard Ian Cole 60 1 2 2
2 Erik Johnson Nick Jensen 40 1 2 2
4 vs 4 Forward
Center Wing Time % Phy DF OF
1 Brayden Point Alex Ovechkin 60 1 2 2
2 Nico Hischier Jason Robertson 40 1 2 2
4 vs 4 Defense
Defense Defense Time % Phy DF OF
1 David Savard John Carlson 60 1 2 2
2 Erik Johnson Nick Jensen 40 1 2 2
Last Minutes Offensive
Center Left Wing Right Wing Defense Defense
Brayden Point Alex Ovechkin Jason Robertson David Savard John Carlson
Last Minutes Defensive
Center Left Wing Right Wing Defense Defense
Nico Hischier Brad Marchand Nick Foligno David Savard Ian Cole
Goaltenders
Starting : Jake Oettinger
Backup : Sergei Bobrovsky
Extra Forwards
Normal : Jordan Kyrou, Drake Batherson, Dominik Kubalik - PP : Owen Tippett, Brayden Point - PK : Dominik Kubalik
Extra Defensemen
Normal : Erik Johnson, David Savard, Ian Cole - PP : David Savard - PK : Erik Johnson, David Savard
Penalty Shots
Jason Robertson, Drake Batherson, Brayden Point, Alex Ovechkin, David Savard
Tampa Bay Lightning
5 vs 5 Forward
Center Left Wing Right Wing Time % Phy DF OF
1 Anze Kopitar Johnny Gaudreau Travis Konecny 35 1 2 2
2 Logan Couture Roope Hintz Kirill Kaprizov 30 1 2 2
3 Tomas Hertl Dylan Cozens Tyler Toffoli 25 1 2 2
4 Dylan Cozens Trevor Moore Gustav Nyquist 10 1 2 2
5 vs 5 Defense
Defense Defense Time % Phy DF OF
1 Darnell Nurse Moritz Seider 30 1 2 2
2 Vladislav Gavrikov Hampus Lindholm 30 1 2 2
3 TJ Brodie Ryan Graves 25 1 2 2
4 Darnell Nurse Hampus Lindholm 15 1 2 2
PowerPlay Forward
Center Left Wing Right Wing Time % Phy DF OF
1 Anze Kopitar Johnny Gaudreau Travis Konecny 50 1 2 2
2 Logan Couture Roope Hintz Kirill Kaprizov 50 1 2 2
PowerPlay Defense
Defense Defense Time % Phy DF OF
1 Moritz Seider Ryan Graves 50 1 2 2
2 Darnell Nurse Hampus Lindholm 50 1 2 2
Penalty Kill 4 Players Forward
Center Wing Time % Phy DF OF
1 Logan Couture Gustav Nyquist 50 1 2 2
2 Dylan Cozens Trevor Moore 50 1 2 2
Penalty Kill 4 Players Defense
Defense Defense Time % Phy DF OF
1 Vladislav Gavrikov Darnell Nurse 50 1 2 2
2 Ryan Graves Moritz Seider 50 1 2 2
Penalty Kill - 3 Players Forward
Forward Time % Phy DF OF
1 Anze Kopitar 50 1 2 2
2 Logan Couture 50 1 2 2
Penalty Kill - 3 Players Defense
Defense Defense Time % Phy DF OF
1 Vladislav Gavrikov Darnell Nurse 50 1 2 2
2 Ryan Graves Moritz Seider 50 1 2 2
4 vs 4 Forward
Center Wing Time % Phy DF OF
1 Anze Kopitar Dylan Cozens 50 1 2 2
2 Logan Couture Tomas Hertl 50 1 2 2
4 vs 4 Defense
Defense Defense Time % Phy DF OF
1 Darnell Nurse Hampus Lindholm 50 1 2 2
2 Moritz Seider Vladislav Gavrikov 50 1 2 2
Last Minutes Offensive
Center Left Wing Right Wing Defense Defense
Anze Kopitar Kirill Kaprizov Travis Konecny Darnell Nurse Hampus Lindholm
Last Minutes Defensive
Center Left Wing Right Wing Defense Defense
Anze Kopitar Kirill Kaprizov Travis Konecny Darnell Nurse Hampus Lindholm
Goaltenders
Starting : Filip Gustavsson
Backup : Jeremy Swayman
Extra Forwards
Normal : Dylan Cozens, Trevor Moore, Roope Hintz - PP : Dylan Cozens, Tyler Toffoli - PK : Anze Kopitar
Extra Defensemen
Normal : Moritz Seider, Darnell Nurse, Vladislav Gavrikov - PP : Ryan Graves - PK : Hampus Lindholm, Darnell Nurse
Penalty Shots
Gustav Nyquist, Kirill Kaprizov, Logan Couture, Trevor Moore, Anze Kopitar
% Time on Ice - Washington Capitals
Lines # - Real PCT - Wanted PCT - Time Play
Normal Forward
1 - 34% - 40% - 16:09
2 - 31% - 30% - 14:28
3 - 21% - 20% - 9:53
4 - 14% - 10% - 6:49
Normal Defense
1 - 34% - 35% - 15:54
2 - 36% - 35% - 17:10
3 - 30% - 30% - 14:15
4 - 0% - 0% - 0:00
PP Forward
1 - 68% - 60% - 4:01
2 - 32% - 40% - 1:56
PP Defense
1 - 57% - 60% - 3:24
2 - 43% - 40% - 2:33
PK Forward
1 - 67% - 60% - 4:30
2 - 33% - 40% - 2:14
PK Defense
1 - 62% - 60% - 4:09
2 - 38% - 40% - 2:35
PK3 Forward
1 - 0% - 60%
2 - 0% - 40%
PK3 Defense
1 - 0% - 60%
2 - 0% - 40%
44 Forward
1 - 0% - 60%
2 - 0% - 40%
44 Defense
1 - 0% - 60%
2 - 0% - 40%
Last Minute Offensive - 0:00
Last Minute Defensive - 0:00
Total
Forward - 60:00
Defense - 60:00
|
% Time on Ice - Tampa Bay Lightning
Lines # - Real PCT - Wanted PCT - Time Play
Normal Forward
1 - 33% - 35% - 15:36
2 - 30% - 30% - 14:21
3 - 25% - 25% - 11:56
4 - 11% - 10% - 5:26
Normal Defense
1 - 31% - 30% - 14:35
2 - 32% - 30% - 14:57
3 - 25% - 25% - 12:03
4 - 12% - 15% - 5:44
PP Forward
1 - 55% - 50% - 3:41
2 - 45% - 50% - 3:03
PP Defense
1 - 50% - 50% - 3:22
2 - 50% - 50% - 3:22
PK Forward
1 - 53% - 50% - 3:08
2 - 47% - 50% - 2:49
PK Defense
1 - 48% - 50% - 2:50
2 - 52% - 50% - 3:07
PK3 Forward
1 - 0% - 50%
2 - 0% - 50%
PK3 Defense
1 - 0% - 50%
2 - 0% - 50%
44 Forward
1 - 0% - 50%
2 - 0% - 50%
44 Defense
1 - 0% - 50%
2 - 0% - 50%
Last Minute Offensive - 0:00
Last Minute Defensive - 0:00
Total
Forward - 60:00
Defense - 60:00
|
Play-by-Play
1st period
0:01 of 1st period - Brayden Point wins face-off versus Anze Kopitar in neutral zone.
0:26 of 1st period - Nico Hischier is hit by Logan Couture.
0:36 of 1st period - Minor Penalty to Ian Cole for Hooking.
0:37 of 1st period - Anze Kopitar wins face-off versus Michael Mcleod in Washington Capitals zone.
2:13 of 1st period - Icing by Ryan Graves.
2:14 of 1st period - Anze Kopitar wins face-off versus Isac Lundestrom in Tampa Bay Lightning zone.
2:36 of 1st period - Penalty to Ian Cole is over, Ian Cole is back on ice.
2:55 of 1st period - John Carlson is hit by Hampus Lindholm and loses puck.
3:08 of 1st period - Snap shot by Trevor Moore.
3:08 of 1st period - Goal by Trevor Moore - Washington Capitals : 0 - Tampa Bay Lightning : 1.
3:09 of 1st period - Michael Mcleod wins face-off versus Travis Konecny in neutral zone.
3:12 of 1st period - TJ Brodie is hit by Michael Mcleod and loses puck.
3:25 of 1st period - Snap shot by Dominik Kubalik.
3:25 of 1st period - Shot Misses the Net.
4:23 of 1st period - Isac Lundestrom is hit by Anze Kopitar and loses puck.
4:47 of 1st period - Minor Penalty to Dylan DeMelo for Hooking.
4:48 of 1st period - Logan Couture wins face-off versus Michael Mcleod in Washington Capitals zone.
4:54 of 1st period - Wrist shot by Kirill Kaprizov.
4:54 of 1st period - Shot Misses the Net.
4:56 of 1st period - Wrist shot by Roope Hintz.
4:56 of 1st period - Stopped by Jake Oettinger with a rebound.
4:58 of 1st period - Wrist shot by Roope Hintz.
4:58 of 1st period - Stopped by Jake Oettinger without a rebound.
4:59 of 1st period - Michael Mcleod wins face-off versus Anze Kopitar in Washington Capitals zone.
5:04 of 1st period - Snap shot by Brad Marchand.
5:04 of 1st period - Shot Misses the Net.
6:47 of 1st period - Penalty to Dylan DeMelo is over, Dylan DeMelo is back on ice.
7:04 of 1st period - Off-side.
7:05 of 1st period - Nico Hischier wins face-off versus Dylan Cozens in neutral zone.
7:29 of 1st period - Snap shot by Dylan Cozens.
7:29 of 1st period - Stopped by Jake Oettinger with a rebound.
7:31 of 1st period - Slapshot by Moritz Seider.
7:31 of 1st period - Stopped by Jake Oettinger with a rebound.
7:46 of 1st period - Icing by Jason Robertson.
7:47 of 1st period - Tomas Hertl wins face-off versus Isac Lundestrom in Washington Capitals zone.
7:48 of 1st period - Snap shot by Dylan Cozens.
7:48 of 1st period - Shot Misses the Net.
7:56 of 1st period - Wrist shot by Tyler Toffoli.
7:56 of 1st period - Shot Misses the Net.
7:58 of 1st period - Slapshot by Hampus Lindholm.
7:58 of 1st period - Stopped by Jake Oettinger without a rebound.
7:59 of 1st period - Anze Kopitar wins face-off versus Brayden Point in Washington Capitals zone.
8:04 of 1st period - Snap shot by Anze Kopitar.
8:04 of 1st period - Stopped by Jake Oettinger with a rebound.
8:06 of 1st period - Slapshot by Darnell Nurse.
8:06 of 1st period - Shot Hit the Post.
8:08 of 1st period - Wrist shot by Anze Kopitar.
8:08 of 1st period - Deflect By Travis Konecny.
8:08 of 1st period - Shot Hit the Post.
8:08 of 1st period - Puck is out of play.
8:09 of 1st period - Brayden Point wins face-off versus Johnny Gaudreau in Washington Capitals zone.
8:20 of 1st period - Snap shot by Travis Konecny.
8:20 of 1st period - Shot Misses the Net.
8:40 of 1st period - Slapshot by Johnny Gaudreau.
8:40 of 1st period - Stopped by Jake Oettinger without a rebound.
8:41 of 1st period - Logan Couture wins face-off versus Nico Hischier in Washington Capitals zone.
8:44 of 1st period - Wrist shot by Kirill Kaprizov.
8:44 of 1st period - Stopped by Jake Oettinger with a rebound.
8:54 of 1st period - Slapshot by Brad Marchand.
8:54 of 1st period - Shot Misses the Net.
8:56 of 1st period - Slapshot by Brad Marchand.
8:56 of 1st period - Shot Misses the Net.
8:58 of 1st period - Slapshot by David Savard.
8:58 of 1st period - Shot Blocked by Logan Couture.
9:13 of 1st period - Vladislav Gavrikov is hit by Michael Mcleod and loses puck.
9:19 of 1st period - Icing by Dylan Cozens.
9:20 of 1st period - Nico Hischier wins face-off versus Tomas Hertl in Tampa Bay Lightning zone.
9:21 of 1st period - Wrist shot by Brad Marchand.
9:21 of 1st period - Goal by Brad Marchand - Washington Capitals : 1 - Tampa Bay Lightning : 1.
9:22 of 1st period - Nico Hischier wins face-off versus Logan Couture in neutral zone.
9:42 of 1st period - Icing by Hampus Lindholm.
9:43 of 1st period - Brayden Point wins face-off versus Kirill Kaprizov in Tampa Bay Lightning zone.
9:56 of 1st period - Snap shot by Roope Hintz.
9:56 of 1st period - Stopped by Jake Oettinger with a rebound.
10:41 of 1st period - Snap shot by Brayden Point.
10:41 of 1st period - Stopped by Filip Gustavsson without a rebound.
10:42 of 1st period - Nico Hischier wins face-off versus Anze Kopitar in Tampa Bay Lightning zone.
10:53 of 1st period - Owen Tippett is hit by Anze Kopitar and loses puck.
11:28 of 1st period - Wrist shot by Jordan Kyrou.
11:28 of 1st period - Stopped by Filip Gustavsson without a rebound.
11:29 of 1st period - Dylan Cozens wins face-off versus Isac Lundestrom in Tampa Bay Lightning zone.
12:04 of 1st period - Johnny Gaudreau is hit by Brad Marchand and loses puck.
12:27 of 1st period - Slapshot by Roope Hintz.
12:27 of 1st period - Shot Misses the Net.
13:49 of 1st period - Snap shot by Roope Hintz.
13:49 of 1st period - Stopped by Jake Oettinger without a rebound.
13:50 of 1st period - Brayden Point wins face-off versus Logan Couture in Washington Capitals zone.
14:17 of 1st period - Logan Couture is hit by Brad Marchand and loses puck.
15:09 of 1st period - Slapshot by Tyler Toffoli.
15:09 of 1st period - Stopped by Jake Oettinger without a rebound.
15:10 of 1st period - Brayden Point wins face-off versus Tomas Hertl in Washington Capitals zone.
15:35 of 1st period - Wrist shot by Dylan Cozens.
15:35 of 1st period - Shot Blocked by Nick Jensen.
15:37 of 1st period - Slapshot by Ryan Graves.
15:37 of 1st period - Shot Misses the Net.
15:45 of 1st period - Slapshot by Dylan Cozens.
15:45 of 1st period - Shot Misses the Net.
15:47 of 1st period - Slapshot by Tyler Toffoli.
15:47 of 1st period - Stopped by Jake Oettinger with a rebound.
15:57 of 1st period - Snap shot by Dylan Cozens.
15:57 of 1st period - Deflect By Brayden Point.
15:57 of 1st period - Shot Misses the Net.
15:57 of 1st period - Puck is out of play.
15:58 of 1st period - Anze Kopitar wins face-off versus Nico Hischier in Washington Capitals zone.
16:04 of 1st period - Icing by David Savard.
16:05 of 1st period - Nico Hischier wins face-off versus Travis Konecny in Washington Capitals zone.
16:20 of 1st period - Snap shot by Nico Hischier.
16:20 of 1st period - Stopped by Filip Gustavsson without a rebound.
16:21 of 1st period - Michael Mcleod wins face-off versus Tyler Toffoli in Tampa Bay Lightning zone.
16:24 of 1st period - Slapshot by Drake Batherson.
16:24 of 1st period - Shot Blocked by Moritz Seider.
16:30 of 1st period - Slapshot by Dylan Cozens.
16:30 of 1st period - Stopped by Jake Oettinger without a rebound.
16:31 of 1st period - Michael Mcleod wins face-off versus Tomas Hertl in Washington Capitals zone.
16:38 of 1st period - Backhand shot by Tyler Toffoli.
16:38 of 1st period - Shot Blocked by John Carlson.
16:50 of 1st period - Snap shot by Dylan Cozens.
16:50 of 1st period - Stopped by Jake Oettinger without a rebound.
16:51 of 1st period - Brayden Point wins face-off versus Anze Kopitar in Washington Capitals zone.
17:28 of 1st period - Slapshot by Roope Hintz.
17:28 of 1st period - Stopped by Jake Oettinger without a rebound.
17:29 of 1st period - Anze Kopitar wins face-off versus Brayden Point in Washington Capitals zone.
17:56 of 1st period - Travis Konecny is hit by Michael Mcleod and loses puck.
18:13 of 1st period - Wrist shot by Anze Kopitar.
18:13 of 1st period - Stopped by Jake Oettinger with a rebound.
18:15 of 1st period - Slapshot by Travis Konecny.
18:15 of 1st period - Stopped by Jake Oettinger with a rebound.
18:19 of 1st period - Snap shot by Johnny Gaudreau.
18:19 of 1st period - Shot Misses the Net.
18:21 of 1st period - Wrist shot by Johnny Gaudreau.
18:21 of 1st period - Shot Misses the Net.
18:23 of 1st period - Slapshot by Darnell Nurse.
18:23 of 1st period - Shot Misses the Net.
18:25 of 1st period - Snap shot by Travis Konecny.
18:25 of 1st period - Stopped by Jake Oettinger with a rebound.
19:03 of 1st period - Slapshot by Johnny Gaudreau.
19:03 of 1st period - Shot Misses the Net.
19:05 of 1st period - Slapshot by Travis Konecny.
19:05 of 1st period - Stopped by Jake Oettinger with a rebound.
19:07 of 1st period - Backhand shot by Darnell Nurse.
19:07 of 1st period - Shot Blocked by Dominik Kubalik.
19:19 of 1st period - Wrist shot by Travis Konecny.
19:19 of 1st period - Deflect By Anze Kopitar.
19:19 of 1st period - Stopped by Jake Oettinger without a rebound.
19:20 of 1st period - Logan Couture wins face-off versus Nico Hischier in Washington Capitals zone.
19:27 of 1st period - Wrist shot by Roope Hintz.
19:27 of 1st period - Goal by Roope Hintz - Washington Capitals : 1 - Tampa Bay Lightning : 2.
19:28 of 1st period - Logan Couture wins face-off versus Alex Ovechkin in neutral zone.
19:35 of 1st period - Wrist shot by Logan Couture.
19:35 of 1st period - Shot Misses the Net.
19:37 of 1st period - Snap shot by Logan Couture.
19:37 of 1st period - Shot Misses the Net.
19:43 of 1st period - Slapshot by Kirill Kaprizov.
19:43 of 1st period - Stopped by Jake Oettinger without a rebound.
19:44 of 1st period - Brad Marchand wins face-off versus Tomas Hertl in Washington Capitals zone.
19:49 of 1st period - Snap shot by Owen Tippett.
19:49 of 1st period - Deflect By Brad Marchand.
19:49 of 1st period - Stopped by Filip Gustavsson with a rebound.
19:55 of 1st period - Slapshot by Dylan Cozens.
19:55 of 1st period - Shot Misses the Net.
19:57 of 1st period - Backhand shot by TJ Brodie.
19:57 of 1st period - Shot Blocked by Nico Hischier.
19:59 of 1st period - Slapshot by Ryan Graves.
19:59 of 1st period - Shot Misses the Net.
Goals for this period are 1 for Washington Capitals vs 2 for Tampa Bay Lightning.
Shots for this period are 5 for Washington Capitals vs 23 for Tampa Bay Lightning.
2nd period
0:01 of 2nd period - Logan Couture wins face-off versus Brayden Point in neutral zone.
0:10 of 2nd period - Snap shot by Kirill Kaprizov.
0:10 of 2nd period - Shot Misses the Net.
0:12 of 2nd period - Snap shot by Roope Hintz.
0:12 of 2nd period - Shot Misses the Net.
0:14 of 2nd period - Snap shot by Kirill Kaprizov.
0:14 of 2nd period - Shot Blocked by Ian Cole.
0:16 of 2nd period - Slapshot by Darnell Nurse.
0:16 of 2nd period - Deflect By Kirill Kaprizov.
0:16 of 2nd period - Shot Misses the Net.
0:16 of 2nd period - Puck is out of play.
0:17 of 2nd period - Anze Kopitar wins face-off versus Nico Hischier in Washington Capitals zone.
0:44 of 2nd period - Travis Konecny is hit by John Carlson and loses puck.
0:49 of 2nd period - Wrist shot by Jordan Kyrou.
0:49 of 2nd period - Shot Misses the Net.
0:51 of 2nd period - Wrist shot by Nick Jensen.
0:51 of 2nd period - Stopped by Filip Gustavsson without a rebound.
0:52 of 2nd period - Tomas Hertl wins face-off versus Brayden Point in Tampa Bay Lightning zone.
0:52 of 2nd period - Tomas Hertl is hit by Brayden Point.
1:06 of 2nd period - Wrist shot by Jason Robertson.
1:06 of 2nd period - Stopped by Filip Gustavsson without a rebound.
1:07 of 2nd period - Logan Couture wins face-off versus Nico Hischier in Tampa Bay Lightning zone.
1:43 of 2nd period - Icing by Darnell Nurse.
1:44 of 2nd period - Tomas Hertl wins face-off versus Michael Mcleod in Tampa Bay Lightning zone.
2:03 of 2nd period - Slapshot by Dylan Cozens.
2:03 of 2nd period - Stopped by Jake Oettinger with a rebound.
2:49 of 2nd period - Snap shot by Kirill Kaprizov.
2:49 of 2nd period - Shot Misses the Net.
3:01 of 2nd period - Backhand shot by Jordan Kyrou.
3:01 of 2nd period - Shot Misses the Net.
3:05 of 2nd period - Wrist shot by Nico Hischier.
3:05 of 2nd period - Shot Misses the Net.
3:07 of 2nd period - Slapshot by David Savard.
3:07 of 2nd period - Deflect By Dylan Cozens.
3:07 of 2nd period - Stopped by Filip Gustavsson with a rebound.
3:09 of 2nd period - Slapshot by John Carlson.
3:09 of 2nd period - Shot Blocked by TJ Brodie.
3:11 of 2nd period - Backhand shot by David Savard.
3:11 of 2nd period - Shot Blocked by Ryan Graves.
3:32 of 2nd period - Snap shot by Johnny Gaudreau.
3:32 of 2nd period - Stopped by Jake Oettinger without a rebound.
3:33 of 2nd period - Logan Couture wins face-off versus Alex Ovechkin in Washington Capitals zone.
5:31 of 2nd period - Snap shot by Jordan Kyrou.
5:31 of 2nd period - Shot Misses the Net.
6:16 of 2nd period - Minor Penalty to Kirill Kaprizov for Cross-checking.
6:17 of 2nd period - Logan Couture wins face-off versus Jason Robertson in Tampa Bay Lightning zone.
6:41 of 2nd period - Icing by Brayden Point.
6:42 of 2nd period - Brayden Point wins face-off versus Logan Couture in Washington Capitals zone.
7:01 of 2nd period - Snap shot by Jason Robertson.
7:01 of 2nd period - Stopped by Filip Gustavsson with a rebound.
7:28 of 2nd period - Gustav Nyquist is hit by Alex Ovechkin and loses puck.
7:50 of 2nd period - Vladislav Gavrikov is hit by Alex Ovechkin and loses puck.
8:03 of 2nd period - Darnell Nurse is hit by Brayden Point and loses puck.
8:16 of 2nd period - Penalty to Kirill Kaprizov is over, Kirill Kaprizov is back on ice.
8:24 of 2nd period - Wrist shot by Jason Robertson.
8:24 of 2nd period - Stopped by Filip Gustavsson with a rebound.
8:26 of 2nd period - Wrist shot by Brayden Point.
8:26 of 2nd period - Shot Misses the Net.
8:32 of 2nd period - Wrist shot by Alex Ovechkin.
8:32 of 2nd period - Shot Blocked by Darnell Nurse.
9:04 of 2nd period - Wrist shot by Jason Robertson.
9:04 of 2nd period - Stopped by Filip Gustavsson without a rebound.
9:05 of 2nd period - Nico Hischier wins face-off versus Tomas Hertl in Tampa Bay Lightning zone.
9:14 of 2nd period - Slapshot by Brad Marchand.
9:14 of 2nd period - Shot Misses the Net.
9:16 of 2nd period - Slapshot by Dylan DeMelo.
9:16 of 2nd period - Deflect By Dylan Cozens.
9:16 of 2nd period - Stopped by Filip Gustavsson without a rebound.
9:17 of 2nd period - Nico Hischier wins face-off versus Tomas Hertl in Tampa Bay Lightning zone.
9:49 of 2nd period - Snap shot by Michael Mcleod.
9:49 of 2nd period - Stopped by Filip Gustavsson with a rebound.
9:51 of 2nd period - Backhand shot by Drake Batherson.
9:51 of 2nd period - Stopped by Filip Gustavsson without a rebound.
9:52 of 2nd period - Johnny Gaudreau wins face-off versus Michael Mcleod in Tampa Bay Lightning zone.
10:23 of 2nd period - Wrist shot by Travis Konecny.
10:23 of 2nd period - Deflect By Dylan Cozens.
10:23 of 2nd period - Shot Hit the Post.
10:23 of 2nd period - Puck is out of play.
10:24 of 2nd period - Nico Hischier wins face-off versus Tomas Hertl in Washington Capitals zone.
11:00 of 2nd period - Slapshot by Owen Tippett.
11:00 of 2nd period - Stopped by Filip Gustavsson without a rebound.
11:01 of 2nd period - Dominik Kubalik wins face-off versus Logan Couture in Tampa Bay Lightning zone.
11:04 of 2nd period - Snap shot by Dominik Kubalik.
11:04 of 2nd period - Stopped by Filip Gustavsson with a rebound.
11:51 of 2nd period - Slapshot by Trevor Moore.
11:51 of 2nd period - Stopped by Jake Oettinger without a rebound.
11:52 of 2nd period - Dylan Cozens wins face-off versus Nico Hischier in Washington Capitals zone.
11:57 of 2nd period - Wrist shot by Trevor Moore.
11:57 of 2nd period - Shot Misses the Net.
12:53 of 2nd period - Wrist shot by Nico Hischier.
12:53 of 2nd period - Stopped by Filip Gustavsson with a rebound.
12:55 of 2nd period - Snap shot by Owen Tippett.
12:55 of 2nd period - Stopped by Filip Gustavsson without a rebound.
12:56 of 2nd period - Brayden Point wins face-off versus Kirill Kaprizov in Tampa Bay Lightning zone.
13:03 of 2nd period - Slapshot by Brayden Point.
13:03 of 2nd period - Stopped by Filip Gustavsson without a rebound.
13:04 of 2nd period - Brayden Point wins face-off versus Logan Couture in Tampa Bay Lightning zone.
14:03 of 2nd period - Wrist shot by Brayden Point.
14:03 of 2nd period - Stopped by Filip Gustavsson without a rebound.
14:04 of 2nd period - Anze Kopitar wins face-off versus Nico Hischier in Tampa Bay Lightning zone.
15:11 of 2nd period - Brad Marchand is hit by Johnny Gaudreau and loses puck.
15:56 of 2nd period - John Carlson is hit by Hampus Lindholm and loses puck.
16:23 of 2nd period - Minor Penalty to Nick Foligno for Hooking.
16:24 of 2nd period - Logan Couture wins face-off versus Michael Mcleod in Washington Capitals zone.
16:41 of 2nd period - Slapshot by Logan Couture.
16:41 of 2nd period - Stopped by Jake Oettinger with a rebound.
18:23 of 2nd period - Penalty to Nick Foligno is over, Nick Foligno is back on ice.
18:58 of 2nd period - Dylan DeMelo is hit by Dylan Cozens and loses puck.
19:25 of 2nd period - Snap shot by Dylan Cozens.
19:25 of 2nd period - Shot Misses the Net.
19:33 of 2nd period - Snap shot by Nick Foligno.
19:33 of 2nd period - Deflect By Isac Lundestrom.
19:33 of 2nd period - Goal by Isac Lundestrom - Washington Capitals : 2 - Tampa Bay Lightning : 2.
19:34 of 2nd period - Anze Kopitar wins face-off versus Brayden Point in neutral zone.
19:49 of 2nd period - Wrist shot by Brayden Point.
19:49 of 2nd period - Shot Misses the Net.
Goals for this period are 1 for Washington Capitals vs 0 for Tampa Bay Lightning.
Shots for this period are 16 for Washington Capitals vs 4 for Tampa Bay Lightning.
3rd period
0:01 of 3rd period - Brayden Point wins face-off versus Logan Couture in neutral zone.
1:22 of 3rd period - Icing by Vladislav Gavrikov.
1:23 of 3rd period - Brayden Point wins face-off versus Dylan Cozens in Tampa Bay Lightning zone.
1:47 of 3rd period - Snap shot by Trevor Moore.
1:47 of 3rd period - Shot Misses the Net.
1:53 of 3rd period - Wrist shot by Dylan Cozens.
1:53 of 3rd period - Shot Misses the Net.
2:10 of 3rd period - Backhand shot by Dylan Cozens.
2:10 of 3rd period - Shot Misses the Net.
2:12 of 3rd period - Slapshot by Gustav Nyquist.
2:12 of 3rd period - Goal by Gustav Nyquist - Washington Capitals : 2 - Tampa Bay Lightning : 3.
2:13 of 3rd period - Brayden Point wins face-off versus Travis Konecny in neutral zone.
2:40 of 3rd period - Darnell Nurse is hit by Ian Cole and loses puck.
2:53 of 3rd period - Snap shot by Brad Marchand.
2:53 of 3rd period - Shot Misses the Net.
3:07 of 3rd period - Slapshot by Nick Foligno.
3:07 of 3rd period - Shot Misses the Net.
3:09 of 3rd period - Wrist shot by Isac Lundestrom.
3:09 of 3rd period - Stopped by Filip Gustavsson with a rebound.
3:11 of 3rd period - Snap shot by Jordan Kyrou.
3:11 of 3rd period - Shot Hit the Post.
3:15 of 3rd period - Slapshot by John Carlson.
3:15 of 3rd period - Shot Misses the Net.
3:33 of 3rd period - Snap shot by Dominik Kubalik.
3:33 of 3rd period - Stopped by Filip Gustavsson without a rebound.
3:34 of 3rd period - Anze Kopitar wins face-off versus Brayden Point in Tampa Bay Lightning zone.
3:34 of 3rd period - Anze Kopitar is hit by Dylan DeMelo.
3:52 of 3rd period - Erik Johnson is hit by Travis Konecny and loses puck.
4:59 of 3rd period - Wrist shot by Nick Foligno.
4:59 of 3rd period - Stopped by Filip Gustavsson with a rebound.
5:36 of 3rd period - Backhand shot by Brad Marchand.
5:36 of 3rd period - Deflect By Nico Hischier.
5:36 of 3rd period - Shot Misses the Net.
5:36 of 3rd period - Puck is out of play.
5:37 of 3rd period - Brayden Point wins face-off versus Anze Kopitar in Tampa Bay Lightning zone.
5:40 of 3rd period - Slapshot by Jason Robertson.
5:40 of 3rd period - Stopped by Filip Gustavsson with a rebound.
5:42 of 3rd period - Wrist shot by Alex Ovechkin.
5:42 of 3rd period - Stopped by Filip Gustavsson without a rebound.
5:43 of 3rd period - Anze Kopitar wins face-off versus Brayden Point in Tampa Bay Lightning zone.
6:33 of 3rd period - Slapshot by Kirill Kaprizov.
6:33 of 3rd period - Stopped by Jake Oettinger with a rebound.
6:55 of 3rd period - Snap shot by Jason Robertson.
6:55 of 3rd period - Stopped by Filip Gustavsson without a rebound.
6:56 of 3rd period - Tomas Hertl wins face-off versus Brayden Point in Tampa Bay Lightning zone.
7:26 of 3rd period - Minor Penalty to Kirill Kaprizov for Interference.
7:27 of 3rd period - Brayden Point wins face-off versus Trevor Moore in Tampa Bay Lightning zone.
8:40 of 3rd period - John Carlson is hit by Gustav Nyquist and loses puck.
9:26 of 3rd period - Penalty to Kirill Kaprizov is over, Kirill Kaprizov is back on ice.
9:55 of 3rd period - Wrist shot by Michael Mcleod.
9:55 of 3rd period - Stopped by Filip Gustavsson without a rebound.
9:56 of 3rd period - Michael Mcleod wins face-off versus Tomas Hertl in Tampa Bay Lightning zone.
10:21 of 3rd period - Slapshot by Anze Kopitar.
10:21 of 3rd period - Stopped by Jake Oettinger with a rebound.
10:23 of 3rd period - Slapshot by TJ Brodie.
10:23 of 3rd period - Shot Misses the Net.
10:25 of 3rd period - Slapshot by Ryan Graves.
10:25 of 3rd period - Deflect By Johnny Gaudreau.
10:25 of 3rd period - Stopped by Jake Oettinger without a rebound.
10:26 of 3rd period - Nico Hischier wins face-off versus Logan Couture in Washington Capitals zone.
10:41 of 3rd period - Snap shot by Owen Tippett.
10:41 of 3rd period - Shot Blocked by TJ Brodie.
10:43 of 3rd period - Slapshot by David Savard.
10:43 of 3rd period - Stopped by Filip Gustavsson without a rebound.
10:44 of 3rd period - Brayden Point wins face-off versus Anze Kopitar in Tampa Bay Lightning zone.
10:45 of 3rd period - Backhand shot by Jason Robertson.
10:45 of 3rd period - Stopped by Filip Gustavsson with a rebound.
11:17 of 3rd period - Wrist shot by Roope Hintz.
11:17 of 3rd period - Stopped by Jake Oettinger with a rebound.
11:19 of 3rd period - Snap shot by Kirill Kaprizov.
11:19 of 3rd period - Stopped by Jake Oettinger without a rebound.
11:20 of 3rd period - Nico Hischier wins face-off versus Tomas Hertl in Washington Capitals zone.
11:30 of 3rd period - David Savard is hit by TJ Brodie and loses puck.
11:55 of 3rd period - Minor Penalty to David Savard for Kneeing.
11:56 of 3rd period - Anze Kopitar wins face-off versus Michael Mcleod in Washington Capitals zone.
12:40 of 3rd period - Snap shot by Johnny Gaudreau.
12:40 of 3rd period - Shot Misses the Net.
12:42 of 3rd period - Slapshot by Hampus Lindholm.
12:42 of 3rd period - Goal by Hampus Lindholm - Washington Capitals : 2 - Tampa Bay Lightning : 4.
12:43 of 3rd period - Logan Couture wins face-off versus Brayden Point in neutral zone.
13:20 of 3rd period - Slapshot by Nico Hischier.
13:20 of 3rd period - Shot Blocked by Ryan Graves.
13:38 of 3rd period - Slapshot by Drake Batherson.
13:38 of 3rd period - Stopped by Filip Gustavsson without a rebound.
13:39 of 3rd period - Anze Kopitar wins face-off versus Jason Robertson in Tampa Bay Lightning zone.
14:06 of 3rd period - Darnell Nurse is hit by Nick Jensen and loses puck.
15:18 of 3rd period - Snap shot by Roope Hintz.
15:18 of 3rd period - Stopped by Jake Oettinger without a rebound.
15:19 of 3rd period - Michael Mcleod wins face-off versus Tomas Hertl in Washington Capitals zone.
15:19 of 3rd period - Michael Mcleod is hit by Tyler Toffoli.
15:29 of 3rd period - Snap shot by Drake Batherson.
15:29 of 3rd period - Deflect By Moritz Seider.
15:29 of 3rd period - Shot Misses the Net.
15:29 of 3rd period - Puck is out of play.
15:30 of 3rd period - Tomas Hertl wins face-off versus Michael Mcleod in Tampa Bay Lightning zone.
15:42 of 3rd period - Backhand shot by Dominik Kubalik.
15:42 of 3rd period - Shot Blocked by Tyler Toffoli.
15:44 of 3rd period - Slapshot by Ian Cole.
15:44 of 3rd period - Deflect By Drake Batherson.
15:44 of 3rd period - Shot Blocked by Tomas Hertl.
15:44 of 3rd period - Puck is out of play.
15:45 of 3rd period - Anze Kopitar wins face-off versus Jason Robertson in Tampa Bay Lightning zone.
16:13 of 3rd period - Minor Penalty to Hampus Lindholm for Tripping.
16:14 of 3rd period - Brayden Point wins face-off versus Dylan Cozens in Tampa Bay Lightning zone.
16:47 of 3rd period - Slapshot by Erik Johnson.
16:47 of 3rd period - Shot Blocked by Ryan Graves.
16:49 of 3rd period - Snap shot by Erik Johnson.
16:49 of 3rd period - Stopped by Filip Gustavsson with a rebound.
17:47 of 3rd period - Dylan Cozens is hit by Nico Hischier and loses puck.
18:13 of 3rd period - Penalty to Hampus Lindholm is over, Hampus Lindholm is back on ice.
18:32 of 3rd period - Icing by Hampus Lindholm.
18:33 of 3rd period - Isac Lundestrom wins face-off versus Anze Kopitar in Tampa Bay Lightning zone.
18:34 of 3rd period - Wrist shot by Jordan Kyrou.
18:34 of 3rd period - Shot Misses the Net.
18:36 of 3rd period - Slapshot by Ian Cole.
18:36 of 3rd period - Stopped by Filip Gustavsson without a rebound.
18:37 of 3rd period - Roope Hintz wins face-off versus Isac Lundestrom in Tampa Bay Lightning zone.
18:57 of 3rd period - Snap shot by Isac Lundestrom.
18:57 of 3rd period - Shot Blocked by Hampus Lindholm.
18:59 of 3rd period - Wrist shot by Isac Lundestrom.
18:59 of 3rd period - Stopped by Filip Gustavsson with a rebound.
19:01 of 3rd period - Snap shot by Isac Lundestrom.
19:01 of 3rd period - Shot Misses the Net.
19:03 of 3rd period - Slapshot by Nick Jensen.
19:03 of 3rd period - Shot Blocked by Hampus Lindholm.
19:05 of 3rd period - Slapshot by Ian Cole.
19:05 of 3rd period - Stopped by Filip Gustavsson without a rebound.
19:06 of 3rd period - Tomas Hertl wins face-off versus Michael Mcleod in Tampa Bay Lightning zone.
19:33 of 3rd period - Owen Tippett is hit by Moritz Seider and loses puck.
Goals for this period are 0 for Washington Capitals vs 2 for Tampa Bay Lightning.
Shots for this period are 14 for Washington Capitals vs 8 for Tampa Bay Lightning.
Back to the Top